 Dungeon Crawl Stone Soup version 0.28-a0-1190-g77e1c55843 (webtiles) character file.

Game seed: 7433829760406821644

314 Gargoyl the Skirmisher (level 6, -1/58 HPs)
             Began as a Gnoll Abyssal Knight on Dec 18, 2021.
             Was a Follower of Lugonu.
             Succumbed to a black mamba's poison
             ... on level 6 of the Dungeon.
             The game lasted 00:03:50 (3367 turns).

Gargoyl the Skirmisher (Gnoll Abyssal Knight)       Turns: 3367, Time: 00:03:50

Health: -1/58      AC: 13    Str: 14    XL:     6   Next: 43%
Magic:  9/9        EV:  7    Int:  9    God:    Lugonu [*.....]
Gold:   109        SH:  0    Dex: 13    Spells: 9/9 levels left

rFire   . . .      SeeInvis .   a - +1 hand axe
rCold   . . .      Faith    .   (no shield)
rNeg    . . .      Spirit   .   i - +0 chain mail
rPois   .          Reflect  .   (no helmet)
rElec   .          Harm     .   (no cloak)
rCorr   .          Rampage  .   (no gloves)
Will    .....                   (no boots)
Stlth   ..........              (no amulet)
HPRegen 0.19/turn               c - +4 ring of protection
MPRegen 0.11/turn               (no ring)

@: lethally poisoned (-1 -> -50)
A: fangs 1, strong nose, distributed training, robust 1, wild magic 1
a: Renounce Religion, Depart the Abyss


You were on level 6 of the Dungeon.
You worshipped Lugonu.
Lugonu was aware of your devotion.
You visited 1 branch of the dungeon, and saw 5 of its levels.
You visited the Abyss 1 time.

You collected 109 gold pieces.

Inventory:

Hand Weapons
 a - a +1 hand axe (weapon)
Armour
 i - a +0 chain mail (worn)
Jewellery
 c - a +4 ring of protection (left hand)
Wands
 j - a wand of polymorph (11)
Scrolls
 e - 2 scrolls of blinking
 f - a scroll of teleportation
 g - 4 scrolls of identify
Potions
 d - a potion of attraction


   Skills:
 + Level 6.8 Fighting
 + Level 2.0 Short Blades
 + Level 2.0 Long Blades
 + Level 5.0 Axes
 + Level 2.0 Maces & Flails
 + Level 2.0 Polearms
 + Level 2.0 Staves
 + Level 2.0 Slings
 + Level 2.0 Bows
 + Level 2.0 Crossbows
 + Level 2.0 Throwing
 + Level 5.0 Armour
 + Level 3.2 Dodging
 + Level 2.0 Stealth
 + Level 2.0 Shields
 + Level 2.0 Unarmed Combat
 + Level 2.0 Spellcasting
 + Level 1.5 Conjurations
 + Level 1.5 Hexes
 + Level 1.5 Summonings
 + Level 1.5 Necromancy
 + Level 1.5 Translocations
 + Level 1.5 Transmutations
 + Level 1.5 Fire Magic
 + Level 1.5 Ice Magic
 + Level 1.5 Air Magic
 + Level 1.5 Earth Magic
 + Level 1.5 Poison Magic
 + Level 5.1 Invocations
 + Level 2.0 Evocations


You had 9 spell levels left.
You didn't know any spells.
Your spell library was empty.

Dungeon Overview and Level Annotations

Branches:
Dungeon (4/15)
 Temple: D:4-7

Altars:
Vehumet

Portals:
Abyss: D:3

Annotations:
D:3 2 transporters


Innate Abilities, Weirdness & Mutations

You have very sharp teeth.
Your uncanny sense of smell can sniff out nearby items.
Your experience applies equally to all skills.
You are robust. (+10% HP)
Your spells are a little harder to cast, but a little more powerful.


Message History

The ufetubus shouts!
Aiming: Polymorph
Press: ? - help, Shift-Dir - straight line, f/p - troll
Aim: a troll (will become a polar bear, a dream sheep, or a black mamba, chance to affect: 51%)
The troll evaporates and reforms as a black mamba!
Okay, then.
Aiming: Corrosive Bolt
Press: ? - help, Shift-Dir - straight line, f/p - black mamba
Aim: a black mamba (53% to hit)
The bolt of acid hits the black mamba!
The black mamba is moderately wounded.
The bolt of acid misses the ufetubus.
Unknown command.
Aiming: Corrosive Bolt
Press: ? - help, Shift-Dir - straight line, f/p - black mamba
Aim: a black mamba (moderately wounded, 53% to hit)
The bolt of acid misses the black mamba.
The bolt of acid hits the ufetubus!
You kill the ufetubus!
Lugonu accepts your kill. The black mamba bites you!
You are poisoned.
The black mamba poisons you! The black mamba bites you!
You are lethally poisoned!
The black mamba poisons you!
Aiming: Corrosive Bolt
Press: ? - help, Shift-Dir - straight line, f/p - black mamba
Aim: a black mamba (moderately wounded, 53% to hit)
The bolt of acid hits the black mamba!
The black mamba is heavily wounded.
The now-empty wand crumbles to dust.
You feel extremely sick. The black mamba bites you!
You are more poisoned.
The black mamba poisons you! The black mamba bites you!
* * * LOW HITPOINT WARNING * * *
Unknown command.
It was a potion of mutation.
You feel extremely strange.
You feel less in control of your magic.
You feel robust.
You die...

##### ∆
#.####...# ####
...)..S@.##.....
#.####..$....$#
##.........
#.###..... #.#
##.# #.###.##.#
#.#.#
##.#####.........
..#.#
#....>........#.#
#.#.#
##.#####.###..#.#
#.#.#


You could see a black mamba.

Vanquished Creatures
  Sigmund (D:2)
  A bullfrog skeleton (D:6)
  A hound skeleton (D:2)
  6 adders
  An ufetubus (D:6)
  An orc (D:3)
  6 bats
  8 endoplasms
  A giant cockroach (D:1)
  4 goblins
  10 hobgoblins
  6 kobolds
  A quokka (D:1)
  4 ball pythons
  2 frilled lizards (D:3)
  3 rats
56 creatures vanquished.

Notes
Turn   | Place    | Note
-------+----------+-------------------------------------------
     0 | Abyss:1  | Gargoyl the Gnoll Abyssal Knight began the quest for the
                  | Orb.
     0 | Abyss:1  | Reached XP level 1. HP: 23/23 MP: 3/3
    88 | Abyss:1  | Noticed a golden eye
   159 | Abyss:1  | Noticed a fire bat
   159 | Abyss:1  | Noticed an ancient zyme
   160 | Abyss:1  | Noticed a bone dragon
   165 | D:1      | Escaped the Abyss
   605 | D:1      | Reached XP level 2. HP: 28/29 MP: 5/5
   613 | D:1      | Reached * piety under Lugonu
  1113 | D:1      | Reached XP level 3. HP: 28/35 MP: 6/6
  1623 | D:2      | Found a faded altar of an unknown god.
  1674 | D:2      | Noticed Sigmund
  1713 | D:2      | Killed Sigmund
  1714 | D:2      | Reached skill level 1 in Short Blades
  1714 | D:2      | Reached skill level 1 in Long Blades
  1714 | D:2      | Reached skill level 1 in Maces & Flails
  1714 | D:2      | Reached skill level 1 in Polearms
  1714 | D:2      | Reached skill level 1 in Staves
  1714 | D:2      | Reached skill level 1 in Slings
  1714 | D:2      | Reached skill level 1 in Bows
  1714 | D:2      | Reached skill level 1 in Crossbows
  1714 | D:2      | Reached skill level 1 in Throwing
  1714 | D:2      | Reached skill level 1 in Stealth
  1714 | D:2      | Reached skill level 1 in Shields
  1714 | D:2      | Reached skill level 1 in Unarmed Combat
  1714 | D:2      | Reached skill level 1 in Spellcasting
  1714 | D:2      | Reached skill level 1 in Conjurations
  1714 | D:2      | Reached skill level 1 in Hexes
  1714 | D:2      | Reached skill level 1 in Summonings
  1714 | D:2      | Reached skill level 1 in Necromancy
  1714 | D:2      | Reached skill level 1 in Translocations
  1714 | D:2      | Reached skill level 1 in Transmutations
  1714 | D:2      | Reached skill level 1 in Fire Magic
  1714 | D:2      | Reached skill level 1 in Ice Magic
  1714 | D:2      | Reached skill level 1 in Air Magic
  1714 | D:2      | Reached skill level 1 in Earth Magic
  1714 | D:2      | Reached skill level 1 in Poison Magic
  1714 | D:2      | Reached skill level 1 in Evocations
  1714 | D:2      | Reached XP level 4. HP: 3/41 MP: 7/7
  1714 | D:2      | Reached XP level 5. HP: 4/47 MP: 8/8
  2065 | D:2      | Reached skill level 5 in Invocations
  2117 | D:2      | Found a radiant altar of Vehumet.
  2164 | D:3      | Reached XP level 6. HP: 53/53 MP: 9/9
  2504 | D:3      | Found a transporter.
  2866 | D:3      | Found a transporter.
  2900 | D:3      | Found a one-way gate to the infinite horrors of the Abyss.
  3298 | D:4      | You fall into a shaft and drop 2 floors!
  3321 | D:6      | Reached skill level 5 in Axes
  3321 | D:6      | Reached skill level 5 in Armour
  3362 | D:6      | Noticed a troll
  3362 | D:6      | an ogre changed into a troll
  3363 | D:6      | Noticed a black mamba
  3363 | D:6      | a troll changed into a black mamba
  3367 | D:6      | Gained mutation: Your spells are a little harder to cast,
                  | but a little more powerful. [potion of mutation]
  3367 | D:6      | Gained mutation: You are robust. (+10% HP) [potion of
                  | mutation]
  3367 | D:6      | Succumbed to a black mamba's poison

Illustrated notes

Levels and vault maps discovered:
D:1:      nagdon_arrival_double_spiral, layout_loops_cross, minmay_vboxes
D:2:      layout_basic, shapermc_ecumenical_altar_pompeii, basic_altar,
          uniq_sigmund
D:3:      layout_basic, gammafunk_ghost_abyssal_escape, grunt_ministairs_13,
          minmay_misc_feat_nine_boxes
D:4:      layout_rooms, hangedman_decor_push, kennysheep_generic_room_6
D:6:      minmay_thinvault, layout_loops_ring, temple_green

Skill      XL: |  1  2  3  4  5  6 |
---------------+-------------------+-----
Short Blades   | 1 2 |  2.0
Long Blades    | 1 2 |  2.0
Maces & Flails | 1 2 |  2.0
Polearms       | 1 2 |  2.0
Staves         | 1 2 |  2.0
Slings         | 1 2 |  2.0
Bows           | 1 2 |  2.0
Crossbows      | 1 2 |  2.0
Throwing       | 1 2 |  2.0
Dodging        | 3 |  3.2
Stealth        | 1 2 |  2.0
Shields        | 1 2 |  2.0
Unarmed Combat | 1 2 |  2.0
Spellcasting   | 1 2 |  2.0
Conjurations   | 1 |  1.5
Hexes          | 1 |  1.5
Summonings     | 1 |  1.5
Necromancy     | 1 |  1.5
Translocations | 1 |  1.5
Transmutations | 1 |  1.5
Fire Magic     | 1 |  1.5
Ice Magic      | 1 |  1.5
Air Magic      | 1 |  1.5
Earth Magic    | 1 |  1.5
Poison Magic   | 1 |  1.5
Evocations     | 1 2 |  2.0
Invocations    | 5 |  5.1
Axes           | 5 |  5.0
Armour         | 5 |  5.0
Fighting       | |  6.8

Action                   |  1- 3 |  4- 6 || total
-------------------------+-------+-------++-------
Melee: Hand axe          |    84 |    94 ||   178
       Bite              |     8 |    11 ||    19
Invok: Depart the Abyss  |     1 |       ||     1
Evoke: Wand              |       |     5 ||     5
  Use: Potion            |     3 |     1 ||     4
       Scroll            |       |     2 ||     2
 Stab: Sleeping          |       |     2 ||     2
Armor: Leather armour    |    67 |    13 ||    80
       Chain mail        |       |    41 ||    41
Dodge: Dodged            |    81 |    44 ||   125

Table legend: (Time is in decaauts)
 A = Elapsed time spent in this place.
 B = Non-inter-level travel time spent in this place.
 C = Inter-level travel time spent in this place.
 D = Time resting spent in this place.
 E = Time spent auto-exploring this place.
 F = Levels seen in this place.
 G = Mean time per level.
                   A        B        C        D        E       F      G
               +--------+--------+--------+--------+--------+-----+--------+
         Total |   3376 |   3268 |    108 |      0 |   2652 |   6 |  562.7 |
       Dungeon |   3211 |   3103 |    108 |      0 |   2518 |   5 |  642.2 |
         Abyss |    165 |    165 |      0 |      0 |    134 |   1 |  165.0 |
               +--------+--------+--------+--------+--------+-----+--------+

Top non-repeatable levels by time:
     D:1: 1310 daAuts
     D:3: 1147 daAuts
     D:2: 684 daAuts
 Abyss:1: 165 daAuts
     D:6: 69 daAuts
